 Dungeon Crawl Stone Soup version 0.26.1-2-gb8aa6d0cf2 (webtiles) character file.

Game seed: 184535003040371523

28 DearestLeader the Sneak (level 2, 0/13 HPs)
             Began as a Spriggan Enchanter on Mar 19, 2021.
             Slain by a bullfrog (5 damage)
             ... on level 3 of the Dungeon.
             The game lasted 00:03:17 (1488 turns).

DearestLeader the Sneak (Spriggan Enchanter)        Turns: 1488, Time: 00:03:17

Health: 0/13       AC:  2    Str:  4    XL:     2   Next: 96%
Magic:  4/6        EV: 18    Int: 16    God:
Gold:   82         SH:  0    Dex: 16    Spells: 3/6 levels left

rFire    . . .     SeeInvis +   a - +1 dagger
rCold    . . .     Faith    .   (shield restricted)
rNeg     . . .     Spirit   .   b - +0 robe
rPois    .         Reflect  .   (helmet restricted)
rElec    .         Harm     .   (no cloak)
rCorr    .         Rampage  .   (gloves unavailable)
Will     .....                  (boots unavailable)
Stlth    +++.......             h - amulet of regeneration
HPRegen  0.44/turn              (no ring)
MPRegen  0.10/turn              (no ring)

@: very quick
A: very small, unfitting armour, see invisible, speed 3
a: no special abilities


You were on level 3 of the Dungeon.
You visited 1 branch of the dungeon, and saw 3 of its levels.

You collected 82 gold pieces.

Inventory:

Hand Weapons
 a - a +1 dagger (weapon)
 f - a +0 hunting sling
Missiles
 i - 30 stones
Armour
 b - a +0 robe (worn)
Jewellery
 h - an amulet of regeneration (around neck)
Scrolls
 e - 2 scrolls of magic mapping
Potions
 c - a potion of flight {unknown}
 d - a potion of haste
 g - a potion of lignification {unknown}


   Skills:
 * Level 2.4 Short Blades
 - Level 3.0 Dodging
 + Level 4.9 Stealth
 - Level 2.6 Spellcasting
 + Level 4.0 Hexes


You had 3 spell levels left.
You knew the following spells:

 Your Spells              Type           Power        Failure   Level
a - Corona                Hex            16%          3%          1
b - Ensorcelled Hibernat  Hex/Ice        16%          13%         2

Your spell library contained the following spells:

 Spells                   Type           Power        Failure   Level
 Confusing Touch          Hex            15%          11%         3
 Tukima's Dance           Hex            15%          11%         3
 Dazzling Flash           Conj/Hex       16%          26%         3


Dungeon Overview and Level Annotations

Branches:
Dungeon (3/15)

Altars:


Innate Abilities, Weirdness & Mutations

You are very small and have problems with some larger weapons.
You are too small for most types of armour.
You have supernaturally acute eyesight. (SInv)
You cover ground extremely quickly.


Message History

Press: ? - help, Shift-Dir - straight line, f - bullfrog
Aim: a bullfrog (chance to affect: 39%)
The bullfrog looks drowsy...
The bullfrog croaks.
The bullfrog misses you.
Found an emerald potion and a mace.
You closely miss the bullfrog. The bullfrog barely misses you.
Casting: Ensorcelled Hibernation (safe; 13% risk of failure)
Confirm with . or Enter, or press ? or * to list all spells.
Aiming: Ensorcelled Hibernation (safe; 13% risk of failure)
Press: ? - help, Shift-Dir - straight line, f - you, p - bullfrog That would be overly suicidal.
Okay, then.
You closely miss the bullfrog. The bullfrog hits you!
Ouch! That really hurt!
You hit the bullfrog.
The bullfrog is lightly wounded.
The bullfrog releases a deep croak.
The bullfrog hits you.
You die...

####.......#
..........# #
#...# .##. #..##
.#.### #..#
#....# #..#
#.#.###..#######
#.......F.......
#.......@..#####
#.#.#......#
#.#..#.<.#
#........#
###..###.# #..#
.# ..... .#
#########


You could see a bullfrog.

Vanquished Creatures
  An adder (D:2)
  A leopard gecko (D:1)
  A giant cockroach (D:2)
  2 goblins
  2 hobgoblins (D:1)
  2 bats (D:1)
  3 frilled lizards (D:1)
  5 kobolds (D:1)
  2 rats (D:1)
19 creatures vanquished.

Notes
Turn   | Place    | Note
-------+----------+-------------------------------------------
     0 | D:1      | DearestLeader the Spriggan Enchanter began the quest for
                  | the Orb.
     0 | D:1      | Reached XP level 1. HP: 9/9 MP: 5/5
   751 | D:1      | Reached XP level 2. HP: 4/13 MP: 6/6
   754 | D:1      | Learned a level 2 spell: Ensorcelled Hibernation
  1424 | D:2      | Noticed a phantom
  1466 | D:2      | You fall into a shaft and drop 1 floor!
  1475 | D:3      | Noticed a bullfrog
  1488 | D:3      | Slain by a bullfrog

Illustrated notes

Levels and vault maps discovered:
D:1:      dpeg_arrival_rooms_c, layout_rooms
D:2:      layout_rooms, general_overflow_altar, serial_corexii_hall,
          corexii_hall_statues_t, chequers_hall_statues_wall_a
D:3:      layout_loops_corners, lemuel_doored_altar,
          eat_drink_and_be_merry_uskayaw, roderic_lattice_a, led_sif_book

Skill      XL: |  1  2 |
---------------+-------+-----
Short Blades   | 2 |  2.4
Hexes          | 4 |  4.0
Dodging        | |  3.0
Stealth        | |  4.9
Spellcasting   | |  2.6

Action                   || total
-------------------------++-------
Melee: Dagger            ||    51
 Cast: Corona            ||     7
       Ensorcelled Hiber ||    11
  Use: Scroll            ||     3
 Stab: Sleeping          ||    12
Dodge: Dodged            ||    37
